 Dungeon Crawl Stone Soup version 0.23.0 (webtiles) character file.

Game seed: 13635436181183378518

100 wearedevo the Cudgeler (level 4, -4/35 HPs)
             Began as a Mummy Chaos Knight on Feb 9, 2019.
             Was a Plaything of Xom.
             Slain by an orc
             ... wielding a +0 trident
              (9 damage)
             ... on level 2 of the Dungeon.
             The game lasted 00:03:02 (1613 turns).

wearedevo the Cudgeler (Mummy Chaos Knight)         Turns: 1613, Time: 00:03:02

Health: -4/35      AC:  8    Str: 15    XL:     4   Next: 47%
Magic:  4/4        EV: 11    Int: 12    God:    Xom [...*..]
Gold:   82         SH:  0    Dex: 11    Spells: 3/3 levels left

rFire    x . .     SeeInvis .   a - +0 mace (chaos)
rCold    + . .     Gourm    .   (no shield)
rNeg     + + +     Faith    .   b - +2 leather armour
rPois    ∞         Spirit   .   k - +0 helmet
rElec    .         Reflect  .   (no cloak)
rCorr    .         Harm     .   j - +0 pair of gloves
MR       .....                  e - +0 pair of boots
Stlth    +.........             (no amulet)
HPRegen  0.11/turn              g - ring of wizardry
MPRegen  0.09/turn              (no ring)

@: no status effects
A: no food or potions, fire vulnerability, cold resistance 1, negative energy
resistance 3, torment resistance, unbreathing
a: Renounce Religion


You were on level 2 of the Dungeon.
You worshipped Xom.
You were a favourite toy of Xom.
You were not hungry.

You visited 1 branch of the dungeon, and saw 2 of its levels.

You collected 82 gold pieces.

Inventory:

Hand Weapons
 a - a +0 mace of chaos (weapon)
Armour
 b - a +2 leather armour (worn)
 e - a +0 pair of boots (worn)
 j - a +0 pair of gloves (worn)
 k - a +0 helmet (worn)
Jewellery
 g - a ring of wizardry (left hand)
Scrolls
 c - a scroll of enchant weapon {unknown}
 d - a scroll of amnesia {unknown}
 f - 9 scrolls of teleportation {unknown}
 h - 3 scrolls of identify {unknown}
 i - a scroll of fog {unknown}
 l - a scroll of remove curse {unknown}


   Skills:
 + Level 3.4 Fighting
 * Level 3.6 Maces & Flails
 + Level 1.9 Armour
 + Level 1.4 Dodging
 + Level 0.4 Stealth


You had 3 spell levels left.
You didn't know any spells.
Your spell library contained the following spells:

 Spells                   Type           Power        Failure   Level  Hunger
 Sticks to Snakes         Tmut           #.......     24%         2    N/A
 Beastly Appendage        Tmut           Unusable     N/A         1    N/A
 Spider Form              Tmut/Pois      Unusable     N/A         3    N/A
 Ice Form                 Ice/Tmut       Unusable     N/A         4    N/A
 Blade Hands              Tmut           Unusable     N/A         5    N/A

Dungeon Overview and Level Annotations

Branches:
Dungeon (2/15)

Altars:


Innate Abilities, Weirdness & Mutations

You do not eat or drink.
Your flesh is vulnerable to fire.
You are immune to poison.
Your flesh is cold resistant. (rC+)
You are immune to negative energy. (rN+++)
You are immune to unholy pain and torment.
You can survive without breathing.


Message History

The orc hits you but does no damage.
You barely miss the orc.
The orc is heavily wounded.
The orc completely misses you.
You closely miss the orc.
The orc is heavily wounded.
The orc hits you but does no damage.
You closely miss the orc.
The orc is heavily wounded.
The orc closely misses you.
You barely miss the orc.
The orc is heavily wounded.
The orc hits you but does no damage. x2
You closely miss the orc.
The orc is heavily wounded.
The orc closely misses you.
You hit the orc.
The orc is moving more slowly.
The orc is severely wounded.
The orc hits you with a +0 trident!
You die...

#...#
########...#######
#>................
#...#.#.(...#
#...#.#.###.#
#...#.#.###.#
#...'.#..†#.#
#####)..###.###.###
#....@o)..........+
#.#####.###.#.#.###
.....#.#.#.#
.....###...#.#
#####.# ##### ...#
#..# #
#..#######'####
#..#.o....g....


You could see an orc (petrifying).

Vanquished Creatures
  An orc priest (D:2)
  2 adders
  A river rat (D:2)
  An ooze (D:1)
  A dart slug (D:2)
  An orc (D:2)
  7 bats
  A giant cockroach (D:1)
  5 goblins
  2 hobgoblins (D:1)
  4 jackals (D:1)
  A quokka (D:2)
  2 frilled lizards (D:1)
  2 kobolds
  7 rats
38 creatures vanquished.

Notes
Turn   | Place    | Note
-------+----------+-------------------------------------------
     0 | D:1      | wearedevo the Mummy Chaos Knight began the quest for the
                  | Orb.
     0 | D:1      | Reached XP level 1. HP: 18/18 MP: 1/1
    32 | D:1      | XOM: silly message
    44 | D:1      | XOM: silly message
    54 | D:1      | XOM: smoke on damage
   134 | D:1      | XOM: silly message
   302 | D:1      | Reached XP level 2. HP: 24/24 MP: 2/2
   572 | D:1      | XOM: cast spell 'Call Canine Familiar'
   623 | D:1      | Reached skill level 1 in Dodging
   671 | D:1      | XOM: medium Pois miscast
   962 | D:1      | XOM: god gift: metal-bound book {god gift}
  1109 | D:1      | Reached XP level 3. HP: 20/29 MP: 3/3
  1171 | D:1      | XOM: harmless Air miscast
  1420 | D:1      | XOM: god gift: scroll labeled BUITZI GOTIO {god gift}
  1445 | D:2      | XOM: 1-stop teleportation journey
  1471 | D:2      | XOM: 6-stop teleportation journey
  1483 | D:2      | XOM: polymorph orc -> river rat
  1494 | D:2      | XOM: 8-stop teleportation journey
  1550 | D:2      | Reached XP level 4. HP: 35/35 MP: 4/4
  1565 | D:2      | XOM: harmless Chrm miscast
  1588 | D:2      | XOM: 3-stop teleportation journey
  1613 | D:2      | Slain by an orc

Skill      XL: |  1  2 |
---------------+-------+-----
Dodging        | 1 |  1.4
Maces & Flails | 3 |  3.6
Fighting       | |  3.4
Armour         | |  1.9
Stealth        | |  0.4

Action                   |  1- 3 |  4- 6 || total
-------------------------+-------+-------++-------
Melee: Mace              |   121 |    22 ||   143
 Stab: Paralysed         |     1 |       ||     1
       Confused          |     1 |       ||     1
       Sleeping          |     1 |       ||     1
       Petrified         |       |     4 ||     4
       Petrifying        |       |     1 ||     1
Armor: Leather armour    |    55 |    11 ||    66
Dodge: Dodged            |   102 |    16 ||   118
